 Dungeon Crawl Stone Soup version 0.23-a0-296-ga3b1b28 (webtiles) character file.

4119 MisterFreud the Geomancer (level 10, -10/50 HPs)
             Began as a Gargoyle Earth Elementalist on Oct 5, 2018.
             Was an Initiate of Vehumet.
             Killed by divine providence
             ... invoked by an orc priest
              (15 damage)
             ... on level 8 of the Dungeon.
             The game lasted 00:24:26 (9109 turns).

MisterFreud the Geomancer (GrEE)                    Turns: 9109, Time: 00:24:27

Health: -10/50     AC: 11    Str: 12    XL:     10   Next: 27%
Magic:  4/22       EV: 16    Int: 19    God:    Vehumet [......]
Gold:   333        SH:  4    Dex: 10    Spells: 16/25 levels left

rFire    . . .     SeeInvis .   y - +7 short sword (venom)
rCold    + . .     Gourm    .   H - +0 buckler
rNeg     + . .     Faith    .   N - +1 robe {rC+}
rPois    ∞         Spirit   .   z - +0 helmet
rElec    +         Reflect  .   (no cloak)
rCorr    .         Harm     .   (no gloves)
MR       .....                  (no boots)
Stlth    ++........             (no amulet)
HPRegen  0.16/turn              q - ring of wizardry
MPRegen  0.18/turn              J - ring "Eczi" {EV+4 Slay+2}

@: no status effects
A: negative energy resistance 1, electricity resistance, unbreathing,
petrification resistance, rot immunity, AC +7
a: Renounce Religion


You were on level 8 of the Dungeon.
You worshipped Vehumet.
Vehumet was noncommittal.
You were hungry.

You visited 2 branches of the dungeon, and saw 9 of its levels.

You collected 333 gold pieces.

Inventory:

Hand Weapons
 i - a +0 hunting sling
 y - a +7 short sword of venom (weapon)
Missiles
 b - 193 stones (quivered)
 h - 47 sling bullets
 n - a throwing net
 o - 3 poisoned tomahawks
Armour
 z - a +0 helmet (worn)
 H - a +0 buckler (worn)
 N - a +1 robe of cold resistance (worn)
Jewellery
 a - an uncursed ring of magical power
 f - an uncursed ring of see invisible
 j - an uncursed ring of stealth
 q - a ring of wizardry (left hand)
 A - an uncursed ring of protection from fire
 C - a +4 ring of dexterity {unknown}
 J - the ring "Eczi" (right hand) {EV+4 Slay+2}
   (You found it on level 6 of the Dungeon)

   [ring of evasion]

   It affects your evasion (+4).
   It affects your accuracy and damage with ranged weapons and melee attacks
   (+2).
Wands
 F - a wand of scattershot (3)
 I - a wand of disintegration (10)
 K - a wand of paralysis (5)
 L - a wand of acid (10)
 M - a wand of clouds (6)
Scrolls
 c - a scroll of blinking {unknown}
 e - 3 scrolls of remove curse
 l - 2 scrolls of enchant armour
 t - 4 scrolls of teleportation
 u - a scroll of amnesia
 E - a scroll of magic mapping
Potions
 g - 5 potions of flight
 k - a potion of agility
 m - a potion of ambrosia
 p - 3 potions of magic {unknown}
 r - a potion of invisibility {unknown}
 s - 4 potions of heal wounds {unknown}
 v - 3 potions of curing {unknown}
 w - 2 potions of haste {unknown}
 x - 2 potions of mutation {unknown}
 B - 2 potions of brilliance {unknown}
 D - a potion of lignification {unknown}
 G - a potion of cancellation {unknown}
Comestibles
 d - 14 rations
 O - 16 chunks of flesh


   Skills:
 - Level 1.5 Dodging
 - Level 2.1 Stealth
 - Level 4.4 Shields
 - Level 8.1 Spellcasting
 - Level 8.0 Conjurations
   Level 0.7 Transmutations
 + Level 10.3 Earth Magic


You had 16 spell levels left.
You knew the following spells:

 Your Spells              Type           Power        Failure   Level  Hunger
a - Sandblast             Erth           #####.       1%          1    None
b - Stone Arrow           Conj/Erth      #####.       1%          3    None
c - Lee's Rapid Deconstr  Erth           #####.....   1%          5    #####..

Your spell library contained the following spells:

 Spells                   Type           Power        Failure   Level  Hunger
 Passwall                 Tmut/Erth      ####....     1%          2    None
 Beastly Appendage        Tmut           ##....       2%          1    None
 Confusing Touch          Hex            #.....       3%          1    None
 Petrify                  Tmut/Erth      ####....     3%          4    ###....
 Sticks to Snakes         Tmut           ##......     4%          2    None
 Spider Form              Tmut/Pois      #.........   10%         3    None
 Confuse                  Hex            #.......     11%         3    None
 Gell's Gravitas          Tloc           #.........   11%         3    None
 Ice Form                 Ice/Tmut       #.......     30%         4    ###....
 Blade Hands              Tmut           ##........   56%         5    #####..
 Yara's Violent Unravell  Hex/Tmut       #.........   61%         5    #####..
 Metabolic Englaciation   Hex/Ice        #.........   65%         5    #####..


Dungeon Overview and Level Annotations

Branches:
Dungeon (8/15)             Temple (1/1) D:6            Lair (0/6) D:8

Altars:
Ashenzari
Cheibriados
Dithmenos
Elyvilon
Fedhas
Gozag
Hepliaklqana
Kikubaaqudgha
Makhleb
Nemelex Xobeh
Okawaru
Qazlal
Ru
Sif Muna
Trog
Uskayaw
Vehumet
Wu Jian
Xom
Yredelemnul
Zin
The Shining One


Innate Abilities, Weirdness & Mutations

You are resistant to torment.
Your stone body is resilient. (AC +7)
You are immune to poison.
You resist negative energy. (rN+)
You are resistant to electric shocks. (rElec)
You can survive without breathing.
You are immune to petrification.
You are immune to rotting.


Message History

* * * LOW HITPOINT WARNING * * *
Okay, then.
Unknown command.
Unknown command.
Unknown command.
Unknown command.
Casting: Lee's Rapid Deconstruction (safe; 1% risk of failure)
Confirm with . or Enter, or press ? or * to list all spells.
Aiming: Lee's Rapid Deconstruction (safe; 1% risk of failure)
Press: ? - help, Dir - move target cursor A rock wall.
The wall shatters!
The blast of rock fragments hits the orc warrior.
You kill the orc warrior!
Vehumet accepts your kill.
Things that are here:
a short sword of venom; a chain mail; a wand of flame (24)
The orc priest invokes the aid of Beogh against you.
Beogh smites you!
You die...

.÷....#.## #.# #.##...#.#
#.##.....######'###)#........
#.)..........(...o).##.###.##
.................##.#....#.#
..........)......##.#.[#.#.#
##..............o##.#.[#.).#
.................##.#..#.#.#
<.........##.###.####..#.#...
...#########.###@####..#.#.....
..## #....()..)).#.####### ..#
#.#...####..### ..#
#......).#....# ..#
#.....÷..'..#.#### ..#
#....[<).#..#....# ..#
#........#..#.##.# ..#
#........####.##.### #..
#.(......# #.##...#


You could see an orc priest and an orc.

Vanquished Creatures
  The ghost of varaam the Charlatan, a novice DsAr of Okawaru (D:6)
  2 hippogriffs (D:8)
  A basilisk (D:8)
  A steam dragon (D:6)
  An ice beast (D:5)
  3 orc warriors
  3 phantoms
  2 centaurs
  An ogre (D:8)
  9 big kobolds
  4 bullfrogs
  2 scorpions
  5 wights (D:8)
  2 howler monkeys
  2 crimson imps (D:6)
  A quasit (D:8)
  A bullfrog skeleton (D:4)
  3 orc wizards (D:8)
  5 centaur skeletons
  3 orc priests
  An iguana (D:6)
  7 worker ants
  4 hound skeletons
  2 worker ant zombies
  A howler monkey skeleton (D:4)
  9 adders
  A shadow imp (D:7)
  3 oozes
  An adder zombie (D:2)
  2 adder skeletons
  3 leopard geckos
  33 orcs
  6 bats
  7 giant cockroaches
  12 goblins
  4 hobgoblins
  10 jackals
  10 kobolds
  4 quokkas
  2 ball pythons
  8 frilled lizards
  A quokka skeleton (D:5)
  7 rats
190 creatures vanquished.

Vanquished Creatures (others)
  A leopard gecko (D:8)
1 creature vanquished.

Grand Total: 191 creatures vanquished

Notes
Turn   | Place    | Note
-------+----------+-------------------------------------------
     0 | D:1      | MisterFreud the Gargoyle Earth Elementalist began the quest
                  | for the Orb.
     0 | D:1      | Reached XP level 1. HP: 10/10 MP: 3/3
   424 | D:1      | Reached skill level 4 in Earth Magic
   839 | D:1      | Reached XP level 2. HP: 10/15 MP: 5/5
  1568 | D:1      | Reached XP level 3. HP: 17/19 MP: 6/6
  1599 | D:1      | Reached skill level 5 in Earth Magic
  1604 | D:1      | Learned a level 3 spell: Stone Arrow
  1648 | D:2      | Reached skill level 1 in Conjurations
  1662 | D:2      | Found a white marble altar of Elyvilon.
  2247 | D:2      | Reached XP level 4. HP: 24/24 MP: 7/7
  2739 | D:3      | Reached XP level 5. HP: 28/28 MP: 8/8
  3034 | D:3      | Reached skill level 6 in Earth Magic
  3273 | D:4      | Found a shadowy altar of Dithmenos.
  3503 | D:4      | Reached skill level 7 in Earth Magic
  3503 | D:4      | Reached XP level 6. HP: 27/32 MP: 9/9
  3513 | D:4      | Learned a level 5 spell: Lee's Rapid Deconstruction
  3600 | D:4      | Noticed a phantom
  3614 | D:4      | Killed a phantom
  3648 | D:4      | Reached skill level 8 in Earth Magic
  3813 | D:4      | Noticed a phantom
  3857 | D:4      | Killed a phantom
  3857 | D:4      | Reached XP level 7. HP: 12/36 MP: 0/12
  4262 | D:4      | Found a shattered altar of Ashenzari.
  4411 | D:5      | Entered Level 5 of the Dungeon
  4781 | D:5      | Found a shimmering altar of Xom.
  5388 | D:5      | Reached skill level 5 in Spellcasting
  5542 | D:5      | Reached XP level 8. HP: 28/41 MP: 12/15
  5928 | D:6      | Found a runed gate.
  5928 | D:6      | Found a runed gate.
  5930 | D:6      | Found a runed gate.
  5943 | D:6      | Noticed varaam's ghost (novice DsAr)
  6185 | D:6      | Reached skill level 1 in Shields
  6232 | D:6      | Got a fine gossamer ring
  6234 | D:6      | Identified the ring "Eczi" {EV+4 Slay+2} (You found it on
                  | level 6 of the Dungeon)
  6619 | D:6      | Reached skill level 9 in Earth Magic
  6875 | D:6      | Found a staircase to the Ecumenical Temple.
  6881 | Temple   | Entered the Ecumenical Temple
  7095 | D:6      | Reached skill level 5 in Conjurations
  7099 | D:6      | Killed varaam's ghost
  7099 | D:6      | Reached XP level 9. HP: 38/45 MP: 2/16
  7119 | D:6      | Reached skill level 10 in Earth Magic
  7130 | D:6      | Paralysed by a big kobold for 3 turns
  7139 | D:6      | Paralysed by a big kobold for 4 turns
  7483 | D:7      | Found a blossoming altar of Fedhas.
  8572 | D:8      | Noticed an elephant
  8692 | D:8      | Reached XP level 10. HP: 50/50 MP: 16/20
  8989 | D:8      | Found a staircase to the Lair.
  9042 | D:8      | Found a radiant altar of Vehumet.
  9047 | D:8      | Became a worshipper of Vehumet
  9109 | D:8      | Killed from afar by an orc priest

Vault maps used:
D:1:      lemuel_arrival_tunnels, minmay_pentomino_t2
D:2:      marbit_many_paths, first_ration, kennysheep_generic_room_10
D:4:      lemuel_coloured_pillars_altar, nicolae_dithmenos_shadow_blocks
D:5:      kennysheep_spiral_hall, lemuel_doored_altar
D:6:      minmay_temple_entry_nine_rooms, gammafunk_ghost_nasty_kobolds
D:7:      fedhas_altar_fruit_tree
D:8:      fiery_altar_vehumet, david_lair_generic, serial_shops,
          nicolae_shop_waterfront
Temple:   nicolae_temple_x_marks_the_god

Skill      XL: |  1  2  3  4  5  6  7  8  9 10 |
---------------+-------------------------------+-----
Earth Magic    | 4 5 7 8 9 10 | 10.3
Conjurations   | 2 3 5 8 |  8.0
Spellcasting   | 3 5 7 8 |  8.1
Shields        | 4 |  4.4
Dodging        | |  1.5
Stealth        | |  2.1
Transmutations | |  0.7

Action                   |  1- 3 |  4- 6 |  7- 9 | 10-12 || total
-------------------------+-------+-------+-------+-------++-------
Melee: Dagger            |   126 |   206 |       |       ||   332
       Unarmed           |     5 |       |       |       ||     5
       Short sword       |       |    64 |   267 |    37 ||   368
 Cast: Sandblast         |    11 |    27 |    19 |     7 ||    64
       Stone Arrow       |       |    10 |     9 |    10 ||    29
       Lee's Rapid Decon |       |       |     7 |     4 ||    11
  Use: Scroll            |       |     5 |    10 |       ||    15
 Stab: Sleeping          |    14 |     7 |     4 |       ||    25
       Distracted        |       |     1 |       |       ||     1
  Eat: Chunk             |     4 |     7 |    14 |     3 ||    28
       Ration            |       |       |     1 |       ||     1
Armor: Robe              |    35 |    95 |    70 |    17 ||   217
Dodge: Dodged            |    75 |   201 |   188 |    28 ||   492
Block: Buckler           |       |       |    28 |     9 ||    37

Table legend:
 A = Non-vault XP
 B = Vault XP
 C = Vault XP percentage of total XP
 D = Non-vault monster count
 E = Vault monster count
 F = Vault count percentage of total count
                 A         B        C        D         E       F
            +---------+---------+-------+---------+---------+-------
      Total |    4062 |    1823 |  31.0 |     175 |      15 |   7.9
            +---------+---------+-------+---------+---------+-------
        D:1 |      34 |       1 |   2.9 |      19 |       1 |   5.0
        D:2 |      65 |       3 |   4.4 |      20 |       2 |   9.1
        D:3 |     106 |       0 |   0.0 |      25 |       0 |   0.0
        D:4 |     511 |       0 |   0.0 |      31 |       0 |   0.0
        D:5 |     477 |      32 |   6.3 |      15 |       1 |   6.2
        D:6 |     734 |    1354 |  64.8 |      13 |       9 |  40.9
        D:7 |     518 |       0 |   0.0 |      15 |       0 |   0.0
        D:8 |    1617 |     433 |  21.1 |      37 |       2 |   5.1
            +---------+---------+-------+---------+---------+-------
